 Dungeon Crawl Stone Soup version 0.30-a0-2-gf48d83f5e2 (webtiles) character file.

Game seed: 4526566143279162368

25 ytrimaz the Insei (level 3, -7/23 HPs)
             Began as an Octopode Transmuter on Aug 20, 2022.
             Mangled by a hobgoblin
             ... wielding a +0 quarterstaff
              (12 damage)
             ... on level 1 of the Dungeon.
             The game lasted 00:00:56 (1237 turns).

ytrimaz the Insei (Octopode Transmuter)             Turns: 1237, Time: 00:00:57

Health: -7/23      AC:  1    Str:  9    XL:     3   Next: 4%
Magic:  6/7        EV: 13    Int: 17    God:
Gold:   38         SH:  0    Dex: 12    Spells: 6/7 levels left

rFire   . . .      SeeInvis .      - Unarmed
rCold   . . .      Faith    .    (no shield)
rNeg    . . .      Spirit   .    (helmet currently unavailable)
rPois   .          Reflect  .    (no amulet)
rElec   .          Harm     .    (no ring)
rCorr   .          Rampage  .    (no ring)
Will    .....                    (no ring)
Stlth   ++........               (no ring)
HPRegen 0.07/turn                (no ring)
MPRegen 0.10/turn                (no ring)
                                 (no ring)
                                 (no ring)

@: appendages (expiring)
A: tentacle spike 3, almost no armour, amphibious, 8 rings, camouflage 1,
gelatinous body 1, (nimble swimmer 1), tentacles
a: End Transformation


You were on level 1 of the Dungeon.
One of your tentacles had grown a beastly spike.
You visited 1 branch of the dungeon, and saw 1 of its levels.

You collected 38 gold pieces.

Inventory:

Potions
 a - a potion of lignification
 b - a potion of heal wounds {unknown}
 c - a potion of degeneration {unknown}
 e - 2 potions of curing {unknown}
 f - a potion of mutation {unknown}


   Skills:
 - Level 1.0 Fighting
 - Level 2.0 Dodging
 - Level 3.0 Unarmed Combat
 * Level 2.7 Spellcasting
 * Level 2.7 Transmutations


You had 6 spell levels left.
You knew the following spells:

 Your Spells              Type           Power      Damage    Failure   Level
a - Beastly Appendage     Tmut           22%        N/A       6%          1

Your spell library contained the following spells:

 Spells                   Type           Power      Damage    Failure   Level
 Wereblood                Tmut           11%        N/A       9%          2
 Spider Form              Tmut/Pois      6%         N/A       30%         3
 Frozen Ramparts          Ice            4%         1d1       47%         3
 Ice Form                 Ice/Tmut       6%         N/A       71%         4
 Summon Ice Beast         Ice/Summ       2%         N/A       87%         4


Dungeon Overview and Level Annotations

Branches:
Dungeon (1/15)

Altars:


Innate Abilities, Weirdness & Mutations

One of your tentacles has grown a beastly spike.
You cannot wear most types of armour.
You are amphibious.
You can wear up to eight rings at the same time.
Your skin changes colour to match your surroundings (Stealth+).
Your rubbery body absorbs attacks. (AC +1, EV +1)
((You are camouflaged when in or above water. (Stealth+)))
You have tentacles for arms and can constrict up to eight enemies at once.


Message History

The rat completely misses you.
You barely miss the rat. You grab the rat.
You pierce the rat.
You kill the rat!
The hobgoblin shouts!
You hear a shout!
You have reached level 3!
Your experience leads to an increase in your attributes!
Increase (S)trength, (I)ntelligence, or (D)exterity?
You feel clever. x2
The hobgoblin closely misses you.
You tentacle-slap the hobgoblin but do no damage.
Your grab misses the hobgoblin.
Your tentacle spike misses the hobgoblin.
Your squeeze misses the hobgoblin.
Your transformation is almost over.
The hobgoblin hits you.
You barely miss the hobgoblin. You grab the hobgoblin.
You constrict the hobgoblin. The hobgoblin closely misses you.
You tentacle-slap the hobgoblin.
You kill the hobgoblin!
No target in view!
A hobgoblin comes into view. It is wielding a +0 quarterstaff.
You see here a hobgoblin corpse.
Memorise Wereblood, consuming 2 spell levels and leaving 4?
The hobgoblin hits you with a +0 quarterstaff!
Your memorisation is interrupted.
Unknown command.
You are too injured to fight recklessly!
You are too injured to fight recklessly!
Unknown command.
You barely miss the hobgoblin. Your grab misses the hobgoblin.
Your tentacle spike misses the hobgoblin.
The hobgoblin hits you with a +0 quarterstaff.
* * * LOW HITPOINT WARNING * * *
You closely miss the hobgoblin. You grab the hobgoblin.
You pierce the hobgoblin.
The hobgoblin is lightly wounded.
You constrict the hobgoblin.
The hobgoblin hits you with a +0 quarterstaff!
Ouch! That really hurt!
You die...

#..#### *.# ##+## #.###
#.....# *.### #.# #....
#.###.# *.#.#*#.# #######
#.# #.###..#.##.###...##
#.###.##..###..........##
#..........#.............
###.#.##..#.#....#.....##
#.#...†...#.#.###...##
#,####@.###,#.# ##### *,*
#g.....#.# *,***##.#####[#
*,,,,,,.# #.###
##################...#
#.........#........#.#
#.#######.#)########.###
#.#.....#.#.# ##.....##
#.#.....#.#)#####.....^.##


You could see a hobgoblin.

Vanquished Creatures
  A worm (D:1)
  A giant cockroach (D:1)
  3 goblins (D:1)
  2 hobgoblins (D:1)
  2 jackals (D:1)
  3 kobolds (D:1)
  A quokka (D:1)
  2 ball pythons (D:1)
  2 bats (D:1)
  3 rats (D:1)
20 creatures vanquished.

Notes
Turn   | Place    | Note
-------+----------+-------------------------------------------
     0 | D:1      | ytrimaz the Octopode Transmuter began the quest for the
                  | Orb.
     0 | D:1      | Reached XP level 1. HP: 13/13 MP: 3/3
   408 | D:1      | Reached XP level 2. HP: 18/18 MP: 3/5
  1229 | D:1      | Reached XP level 3. HP: 23/23 MP: 5/7
  1237 | D:1      | Mangled by a hobgoblin

Illustrated notes

Levels and vault maps discovered:
D:1:      elethiomel_arrival_shortcut, layout_loops_corners, nicolae_wormholes

Action                   || total
-------------------------++-------
Melee: Unarmed           ||    56
       Kick              ||    17
       Constrict         ||    18
       Tentacles         ||     6
       Punch             ||     1
 Cast: Beastly Appendage ||    11
  Use: Scroll            ||     3
 Stab: Sleeping          ||     2
Armor: Skin              ||     1
Dodge: Dodged            ||    47

Table legend: (Time is in decaauts)
 A = Elapsed time spent in this place.
 B = Non-inter-level travel time spent in this place.
 C = Inter-level travel time spent in this place.
 D = Time resting spent in this place.
 E = Time spent auto-exploring this place.
 F = Levels seen in this place.
 G = Mean time per level.
                   A        B        C        D        E       F      G
               +--------+--------+--------+--------+--------+-----+--------+
         Total |   1233 |   1233 |      0 |     48 |   1029 |   1 | 1233.0 |
       Dungeon |   1233 |   1233 |      0 |     48 |   1029 |   1 | 1233.0 |
               +--------+--------+--------+--------+--------+-----+--------+

Top non-repeatable levels by time:
     D:1: 1233 daAuts
